 Dungeon Crawl Stone Soup version 0.29-a0-266-gf56f883ddd (webtiles) character file.

Game seed: 8185056042472543639

4468 spaghetti the Fighter (level 10, -18/127 HPs)
             Began as an Octopode Fighter on Mar 6, 2022.
             Was an Elder of Trog.
             Demolished by a boulder beetle (25 damage)
             ... on level 8 of the Dungeon.
             The game lasted 00:11:53 (8685 turns).

spaghetti the Fighter (Octopode Fighter)            Turns: 8685, Time: 00:11:53

Health: -18/127    AC:  7    Str: 24    XL:     10   Next: 37%
Magic:  10/10      EV: 14    Int: 10    God:    Trog [****..]
Gold:   296        SH:  6    Dex: 18    Spells: 9/9 levels left

rFire   + . .      SeeInvis +   L - +4 spear {polearm}
rCold   + . .      Faith    +   b - +1 buckler
rNeg    + . .      Spirit   .   (helmet restricted)
rPois   +          Reflect  .   O - amulet "Berch" {Faith Str+4}
rElec   .          Harm     .   j - ring of protection from cold
rCorr   .          Rampage  .   h - ring of see invisible
Will    .....                   t - +6 ring of dexterity
Stlth   ..........              x - ring of poison resistance
HPRegen 0.31/turn               y - +4 ring of protection
MPRegen 0.12/turn               A - ring of protection from fire
                                k - ring of positive energy
                                (no ring)

@: mighty, berserking, very quick
A: almost no armour, amphibious, 8 rings, camouflage 1, gelatinous body 1,
(nimble swimmer 1), tentacles, iridescent scales 1, screaming 1
a: Renounce Religion, Berserk, Trog's Hand, Brothers in Arms


You were on level 8 of the Dungeon.
You worshipped Trog.
Trog was greatly pleased with you.
You visited 1 branch of the dungeon, and saw 8 of its levels.

You collected 432 gold pieces.
You spent 136 gold pieces at shops.


Innate Abilities, Weirdness & Mutations

You cannot wear most types of armour.
You are amphibious.
You can wear up to eight rings at the same time.
Your skin changes colour to match your surroundings (Stealth+).
Your rubbery body absorbs attacks. (AC +1, EV +1)
((You are camouflaged when in or above water. (Stealth+)))
You have tentacles for arms and can constrict up to eight enemies at once.
You are partially covered in iridescent scales. (AC +2)
You occasionally shout uncontrollably at your foes.


   Skills:
 + Level 14.9 Fighting
 - Level 2.0 Long Blades
 - Level 3.0 Dodging
 - Level 3.0 Shields


You had 9 spell levels left.
You didn't know any spells.
Your spell library contained the following spells:

 Spells                   Type           Power      Damage    Failure   Level
 Conjure Flame            Conj/Fire      0%         6-21      83%         3
 Gell's Gravitas          Tloc           0%         N/A       83%         3
 Ignite Poison            Fire/Tmut/Pois 0%         N/A       83%         3
 Lesser Beckoning         Tloc           0%         N/A       83%         3
 Teleport Other           Tloc           0%         N/A       83%         3
 Sticky Flame             Conj/Fire      0%         2d3       99%         4

Inventory:

Hand Weapons
 q - a +2 vorpal great mace {mace}
   (You found it on level 8 of the Dungeon)
 L - a +4 spear (weapon) {polearm}
   (You took it off a wight on level 7 of the Dungeon)
Missiles
 a - 3 javelins {throwing}
 f - 196 stones (quivered) {throwing}
 l - 18 poisoned darts {throwing}
 D - 5 boomerangs {throwing}
 G - 2 throwing nets {=f!fthrowing}
 J - 3 silver javelins {throwing}
Armour
 b - a +1 buckler (worn)
Jewellery
 h - a ring of see invisible (right tentacle)
   (You found it on level 1 of the Dungeon)
 j - a ring of protection from cold (left tentacle)
   (You found it on level 1 of the Dungeon)
 k - a ring of positive energy (on tentacle)
   (You found it on level 5 of the Dungeon)
 t - a +6 ring of dexterity (on tentacle)
   (You found it on level 3 of the Dungeon)
 x - a ring of poison resistance (on tentacle)
   (You found it on level 4 of the Dungeon)
 y - a +4 ring of protection (on tentacle)
   (You found it on level 4 of the Dungeon)
 A - a ring of protection from fire (on tentacle)
   (You found it on level 4 of the Dungeon)
 C - a ring of fire
   (You found it on level 4 of the Dungeon)
 O - the amulet "Berch" (around mantle) {Faith Str+4}
   (You acquired it on level 7 of the Dungeon)

   [amulet of faith]

   It allows you to gain divine favour quickly.
   Str:       It affects your strength (+4).
Wands
 n - a wand of polymorph (16)
   (You took it off Natasha on level 2 of the Dungeon)
 E - a wand of acid (6)
   (You found it on level 4 of the Dungeon)
 F - a wand of flame (19)
   (You found it on level 4 of the Dungeon)
 K - a wand of paralysis (14)
   (You found it on level 7 of the Dungeon)
Scrolls
 g - 2 scrolls of noise {!r}
 m - a scroll of fear
 o - a scroll of enchant armour
 r - 2 scrolls of teleportation {@r4}
 w - a scroll of summoning
 I - a scroll of vulnerability {!r!r}
 P - a scroll of fog
Potions
 d - 2 potions of lignification {!q}
 e - 5 potions of curing {@q1}
 i - 5 potions of brilliance
 p - 2 potions of ambrosia
 s - a potion of berserk rage {!q}
 u - a potion of flight
 v - a potion of heal wounds {@q2}
 B - 3 potions of degeneration {!q@e2}

Dungeon Overview and Level Annotations

Branches:
Dungeon (8/15)             Temple (0/1) D:7
   Lair: D:8-11

Altars:
Hepliaklqana
Trog
The Shining One

Shops:
D:6 !!** D:7

( ##########..## ##>..##
#.....# #..# #....#
#)....####..### #....##
#.....##......### #.#....
#...[.##.####...######.##...
#........<.####.##≈≈≈≈≈≈≈.#.
#.....#.##.......##.......##
#........##.###..........###
#.....#..##@# ##...........#
#######.##B..# ##.###..###..
#.#.###.# #...#..# #.# #.#.
.# ###.#.####.. #.# #
##......... #.#
#####..#.......
.######..##.###......
#.......#..###......
............##......


You could see a boulder beetle.


Message History

p - 2 black potions (gained 1)
Things that are here:
a +0 dagger {short}; a +0 chain mail
Things that are here:
a +0 dagger {short}; a +0 robe
K - a wand of paralysis (14) (gained 7 charges)
Found a stone staircase leading up.
You now have 241 gold pieces (gained 9).
You now have 257 gold pieces (gained 16).
You now have 264 gold pieces (gained 7).
Key pressed, stopping explore.
You now have 279 gold pieces (gained 15).
f - 196 stones {throwing} (gained 11)
You now have 296 gold pieces (gained 17).
There is an escape hatch in the ceiling here.
You open the door.
A white imp comes into view.
The white imp shouts, "Escape, thou spongy moldwarp mish-mash!"
As you read the scroll of identify {@r1}, it crumbles to dust.
p - 2 potions of ambrosia The white imp hits you but does no damage.
A white imp is nearby!
A white imp is nearby!
A white imp is nearby!
You barely miss the white imp. Your grab misses the white imp.
Your squeeze misses the white imp. The white imp closely misses you.
A boulder beetle comes into view.
You hit the white imp but do no damage. Your grab misses the white imp.
The boulder beetle curls into a ball and begins rolling!
The white imp hits you but does no damage.
You hit the white imp. You grab the white imp. You squeeze the white imp!
You kill the white imp!
Trog accepts your kill.
You reach to attack!
You completely miss the boulder beetle. The boulder beetle barely misses you.
The boulder beetle stops rolling and uncurls.
You hit the boulder beetle but do no damage.
You block the boulder beetle's attack.
You hit the boulder beetle but do no damage.
You squeeze the boulder beetle, but do no damage.
The boulder beetle bites you. 😕 HP[-6]
You take 6 damage, and now have 79/85 hp.
You hit the boulder beetle but do no damage.
The boulder beetle bites you! 😕 HP[-14]
You take 14 damage, and now have 65/85 hp.
You hit the boulder beetle. You squeeze the boulder beetle.
You block the boulder beetle's attack. The boulder beetle misses you.
You puncture the boulder beetle!
You squeeze the boulder beetle, but do no damage.
The boulder beetle leaps! 😕 HP[+1]
There is an open door here.
You reach to attack!
You hit the boulder beetle but do no damage.
You hit the boulder beetle but do no damage.
You squeeze the boulder beetle, but do no damage.
The boulder beetle bites you. 😮 HP[-6]
You take 6 damage, and now have 60/85 hp.
You are too injured to fight recklessly!
You are too injured to fight recklessly!
You are too injured to fight recklessly!
You are too injured to fight recklessly!
You are too injured to fight recklessly!
You are too injured to fight recklessly!
You are too injured to fight recklessly!
You are too injured to fight recklessly!
You hit the boulder beetle.
You squeeze the boulder beetle, but do no damage.
The boulder beetle bites you!!
* * * LOW HITPOINT WARNING * * *
😨 HP[-18]
You take 18 damage, and now have 42/85 hp.
MASSIVE DAMAGE!! (PAUSE)
You feel very mighty all of a sudden. The boulder beetle barely misses you.
A red film seems to cover your vision as you go berserk!
You feel yourself moving faster!
You feel mighty! The boulder beetle bites you!!
* * * LOW HITPOINT WARNING * * *
😨 HP[+2]
You now have 127 max hp (+42).
You regained 2 hp, and now have 44/127 hp.
You hit the boulder beetle but do no damage.
The boulder beetle bites you!
* * * LOW HITPOINT WARNING * * *
😱 HP[-17]
You take 17 damage, and now have 27/127 hp.
You puncture the boulder beetle! 😱 HP[+1]
You hit the boulder beetle but do no damage.
You squeeze the boulder beetle! The boulder beetle bites you!!
* * * LOW HITPOINT WARNING * * *
😱 HP[-21]
You take 21 damage, and now have 7/127 hp.
You hit the boulder beetle but do no damage.
The boulder beetle bites you!!
You die...

Skill      XL: |  1  2  3  4  5  6  7  8  9 10 |
---------------+-------------------------------+-----
Fighting       | 4 5 6 7 9 11 13 14 | 14.9
Long Blades    | |  2.0
Dodging        | |  3.0
Shields        | |  3.0

Action                   |  1- 3 |  4- 6 |  7- 9 | 10-12 || total
-------------------------+-------+-------+-------+-------++-------
Melee: Long sword        |    47 |    77 |   174 |     6 ||   304
       Constrict         |    15 |    25 |    44 |    10 ||    94
       Tentacles         |     6 |    20 |    44 |    21 ||    91
       Punch             |       |     3 |     3 |     1 ||     7
       Kick              |       |       |    49 |       ||    49
       Spear             |       |       |       |    69 ||    69
Invok: Berserk           |     1 |     4 |     6 |     2 ||    13
  Use: Scroll            |       |     1 |    11 |     3 ||    15
       Potion            |       |       |     3 |     1 ||     4
 Stab: Sleeping          |     2 |     3 |     2 |     2 ||     9
Armor: Skin              |     5 |     7 |    35 |     9 ||    56
Dodge: Dodged            |    25 |    43 |   122 |    26 ||   216
Block: Buckler           |     9 |    25 |    55 |    22 ||   111

Levels and vault maps discovered:
D:1:      sevenhm_arrival_forest_fort_small_6, layout_loops_cross,
          hellmonk_ecumenical_altar_zigzags
D:2:      layout_basic, uniq_natasha, uniq_jessica, uniq_crazy_yiuf_cottage
D:3:      layout_rooms, tso_metal_star
D:4:      layout_basic
D:5:      layout_layer_cave
D:6:      layout_layer_cave, serial_shops, nicolae_lakefront_shop, shop,
          kennysheep_mini, shop, minmay_tree_intersection
D:7:      layout_basic, nzn_hepliaklqana_mist_gate, temple_fountains,
          serial_shops, nicolae_shop_advertising_works
          [nicolae_subvault_shop_adworks]
D:8:      layout_rooms, chequers_serial_rivers_micro_e, kennysheep_just_a_vault

Notes
Turn   | Place    | Note
-------+----------+-------------------------------------------
     0 | D:1      | spaghetti the Octopode Fighter began the quest for the Orb.
     0 | D:1      | Reached XP level 1. HP: 16/16 MP: 1/1
     0 | D:1      | magus.rc [v1.9.6]
   161 | D:1      | Reached XP level 2. HP: 13/21 MP: 2/2
   391 | D:1      | Found a faded altar of an unknown god.
   510 | D:1      | Prayed at the altar of an unknown god.
   510 | D:1      | Became a worshipper of Trog the Wrathful
   510 | D:1      | Reached * piety under Trog
   701 | D:1      | Reached skill level 4 in Fighting
   885 | D:1      | Reached XP level 3. HP: 26/27 MP: 3/3
  1106 | D:2      | Noticed Natasha
  1113 | D:2      | Killed Natasha
  1158 | D:2      | Reached ** piety under Trog
  1159 | D:2      | Reached XP level 4. HP: 31/34 MP: 4/4
  1191 | D:2      | You add the spells Conjure Flame, Ignite Poison and Sticky
                  | Flame to your library.
  1403 | D:2      | Found a runed translucent door.
  1404 | D:2      | Noticed Crazy Yiuf
  1430 | D:2      | Reached skill level 5 in Fighting
  1708 | D:2      | Noticed Natasha
  1720 | D:2      | Killed Natasha
  1721 | D:2      | Reached XP level 5. HP: 40/40 MP: 5/5
  1760 | D:2      | Noticed Natasha
  1766 | D:2      | Killed Natasha
  1880 | D:2      | Noticed Jessica
  1884 | D:2      | Killed Jessica
  1885 | D:2      | Reached skill level 6 in Fighting
  1968 | D:2      | Killed Crazy Yiuf
  2317 | D:3      | Found a glowing golden altar of the Shining One.
  2499 | D:3      | Reached XP level 6. HP: 41/47 MP: 6/6
  2943 | D:4      | Noticed a black bear
  2946 | D:4      | Noticed a black bear
  2952 | D:4      | Killed a black bear
  2953 | D:4      | Reached skill level 7 in Fighting
  2954 | D:4      | Killed a black bear
  2955 | D:4      | Reached XP level 7. HP: 50/54 MP: 7/7
  3132 | D:4      | Reached skill level 8 in Fighting
  3159 | D:4      | Reached *** piety under Trog
  3698 | D:5      | Entered Level 5 of the Dungeon
  3711 | D:5      | Reached skill level 9 in Fighting
  3714 | D:5      | Reached XP level 8. HP: 60/63 MP: 8/8
  3730 | D:5      | You pick up a book of Displacement {forbidden} and begin
                  | reading...
  3730 | D:5      | You add the spells Lesser Beckoning, Gell's Gravitas and
                  | Teleport Other to your library.
  4105 | D:5      | Gained mutation: One of your tentacles bears a spike.
                  | [potion of mutation]
  4261 | D:5      | Reached skill level 10 in Fighting
  5051 | D:6      | Noticed a yak
  5051 | D:6      | Noticed a yak
  5052 | D:6      | Noticed a yak
  5052 | D:6      | Noticed a yak
  5052 | D:6      | Noticed a yak
  5064 | D:5      | Killed a yak
  5357 | D:6      | Noticed a yak
  5362 | D:6      | Killed a yak
  5363 | D:6      | Reached skill level 11 in Fighting
  5365 | D:6      | Killed a yak
  5366 | D:6      | Reached XP level 9. HP: 57/72 MP: 9/9
  5374 | D:6      | Reached skill level 12 in Fighting
  5375 | D:6      | HP: 25/109 [yak (12)]
  5376 | D:6      | HP: 10/109 [yak (16)]
  5417 | D:6      | Noticed a troll
  5990 | D:6      | Found Tunlunt's Distillery.
  6017 | D:6      | Bought a potion of berserk rage for 55 gold pieces
  6172 | D:6      | Found Soattuira's Assorted Antiques.
  6175 | D:6      | Bought a scroll labelled XISUFI YF QOR for 27 gold pieces
  6175 | D:6      | Bought a scroll of identify for 54 gold pieces
  6393 | D:6      | Found Vaoxoacu's Distillery.
  6802 | D:6      | Found Soduzxomp's Assorted Antiques.
  7091 | D:7      | Reached skill level 13 in Fighting
  7342 | D:7      | Lost mutation: One of your tentacles bears a spike. [potion
                  | of mutation]
  7342 | D:7      | Gained mutation: You occasionally shout uncontrollably at
                  | your foes. [potion of mutation]
  7342 | D:7      | Gained mutation: You are partially covered in iridescent
                  | scales. (AC +2) [potion of mutation]
  7351 | D:7      | Reached **** piety under Trog
  7356 | D:7      | Reached XP level 10. HP: 57/83 MP: 10/10
  7359 | D:7      | Reached skill level 14 in Fighting
  7537 | D:7      | Found a staircase to the Ecumenical Temple.
  7538 | D:7      | Identified a scroll of acquirement
  7538 | D:7      | Acquired the amulet "Berch" {Faith Str+4}
  7987 | D:7      | Found a hazy altar of Hepliaklqana.
  8065 | D:7      | Found Riogoc's Antique Weapon Shop.
  8667 | D:8      | Noticed a boulder beetle
  8682 | D:8      | HP: 27/127 [boulder beetle (17)]
  8684 | D:8      | HP: 7/127 [boulder beetle (21)]
  8685 | D:8      | Demolished by a boulder beetle

Vanquished Creatures
  15 yaks
  A steam dragon (D:6)
  A water moccasin (D:8)
  4 black bears
  An orc warrior (D:7)
  2 centaurs
  A bullfrog (D:7)
  A gnoll sergeant (D:5)
  4 scorpions
  A necrophage (D:4)
  3 wights (D:7)
  A howler monkey (D:6)
  A jelly (D:5)
  Crazy Yiuf (D:2)
  3 hounds
  3 orc priests
  A gnoll shaman (D:6)
  Jessica (D:2)
  Natasha (thrice) (D:2)
  5 iguanas
  3 orc wizards
  13 gnolls
  6 adders
  2 shadow imps
  4 white imps
  An ufetubus (D:6)
  2 worms
  A dart slug (D:1)
  22 orcs
  6 endoplasms
  4 giant cockroaches
  9 goblins
  4 hobgoblins
  3 jackals (D:3)
  A quokka (D:2)
  8 ball pythons
  3 bats
  4 frilled lizards
  10 kobolds
  4 rats
163 creatures vanquished.

Table legend:
 A = Non-vault XP
 B = Vault XP
 C = Vault XP percentage of total XP
 D = Non-vault monster count
 E = Vault monster count
 F = Vault count percentage of total count
                 A         B        C        D         E       F
            +---------+---------+-------+---------+---------+-------
      Total |    6267 |     116 |   1.8 |     160 |       3 |   1.8
            +---------+---------+-------+---------+---------+-------
        D:1 |      42 |       0 |   0.0 |      24 |       0 |   0.0
        D:2 |     143 |     116 |  44.8 |      21 |       3 |  12.5
        D:3 |      81 |       0 |   0.0 |      16 |       0 |   0.0
        D:4 |     679 |       0 |   0.0 |      23 |       0 |   0.0
        D:5 |     829 |       0 |   0.0 |      17 |       0 |   0.0
        D:6 |    1644 |       0 |   0.0 |      24 |       0 |   0.0
        D:7 |    1611 |       0 |   0.0 |      23 |       0 |   0.0
        D:8 |    1238 |       0 |   0.0 |      12 |       0 |   0.0
            +---------+---------+-------+---------+---------+-------

Illustrated notes

Table legend:
 A = Kills in this place as a percentage of kills in entire the game.
 B = Kills by you in this place as a percentage of kills by you in the entire game.
 C = Kills by friends in this place as a percentage of kills by friends in the entire game.
 D = Other kills in this place as a percentage of other kills in the entire game.
 E = Experience gained in this place as a percentage of experience gained in the entire game.
 F = Experience gained in this place divided by the number of levels of this place that you have seen.
                   A       B       C       D       E      F
               +-------+-------+-------+-------+-------+----------------------
         Total | 100.0 | 100.0 |   N/A |   N/A | 100.0 | 797.9
       Dungeon | 100.0 | 100.0 |   N/A |   N/A | 100.0 | 797.9
               +-------+-------+-------+-------+-------+----------------------

Table legend: (Time is in decaauts)
 A = Elapsed time spent in this place.
 B = Non-inter-level travel time spent in this place.
 C = Inter-level travel time spent in this place.
 D = Time resting spent in this place.
 E = Time spent auto-exploring this place.
 F = Levels seen in this place.
 G = Mean time per level.
                   A        B        C        D        E       F      G
               +--------+--------+--------+--------+--------+-----+--------+
         Total |   8894 |   8551 |    343 |   2189 |   5296 |   8 | 1111.8 |
       Dungeon |   8894 |   8551 |    343 |   2189 |   5296 |   8 | 1111.8 |
               +--------+--------+--------+--------+--------+-----+--------+

Top non-repeatable levels by time:
     D:6: 2084 daAuts
     D:5: 1318 daAuts
     D:1: 1262 daAuts
     D:7: 1080 daAuts
     D:2: 1017 daAuts
     D:4: 790 daAuts
     D:3: 744 daAuts
     D:8: 595 daAuts
